 Dungeon Crawl Stone Soup version 0.29.1-4-g47bece8355 (webtiles) character file.

Game seed: 1120689719593819090

1703 PhantomBowie the Trooper (level 9, -1/57 HPs)
             Began as a Gargoyle Berserker on Dec 3, 2022.
             Was a Priest of Trog.
             Slain by a wyvern (12 damage)
             ... on level 6 of the Dungeon.
             The game lasted 00:19:14 (6235 turns).

PhantomBowie the Trooper (Gargoyle Berserker)       Turns: 6235, Time: 00:19:15

Health: -1/57      AC: 23    Str: 25    XL:     9   Next: 3%
Magic:  9/9        EV:  8    Int:  8    God:    Trog [***...]
Gold:   246        SH:  0    Dex:  9    Spells: 8/8 levels left

rFire   . . .      SeeInvis +   x - +0 morningstar
rCold   . . .      Faith    .   (no shield)
rNeg    + . .      Spirit   .   u - +0 plate armour
rPois   ∞          Reflect  .   a - +0 helmet {SInv}
rElec   +          Harm     .   (no cloak)
rCorr   .          Rampage  .   (no gloves)
Will    .....                   e - +2 pair of boots
Stlth   ..........              (no amulet)
HPRegen 0.19/turn               (no ring)
MPRegen 0.11/turn               (no ring)

@: on berserk cooldown, slowed, very slow
A: sickness immunity, AC +6, negative energy resistance 1, electricity
resistance, torment resistance 1, petrification resistance
a: Renounce Religion, Berserk, Trog's Hand


You were on level 6 of the Dungeon.
You worshipped Trog.
Trog was most pleased with you.
You visited 1 branch of the dungeon, and saw 6 of its levels.

You collected 246 gold pieces.

Inventory:

Hand Weapons
 x - a +0 morningstar (weapon)
Armour
 a - a +0 helmet of see invisible (worn)
 e - a +2 pair of boots (worn)
 u - a +0 plate armour (worn)
Jewellery
 w - a +4 ring of evasion
Wands
 c - a wand of flame (7)
 r - a wand of acid (20)
 v - a wand of charming (6)
Scrolls
 f - a scroll of enchant weapon {unknown}
 h - 2 scrolls of brand weapon
 j - 3 scrolls of enchant armour
 k - a scroll of butterflies {unknown}
 m - 3 scrolls of poison
 n - 3 scrolls of blinking
 p - 3 scrolls of teleportation
 t - a scroll of noise {unknown}
Potions
 b - 2 potions of might
 d - a potion of attraction {unknown}
 g - a potion of invisibility {unknown}
 i - 5 potions of curing
 l - 2 potions of mutation
 o - a potion of degeneration {unknown}
 q - a potion of magic {unknown}
 s - 3 potions of lignification {unknown}


   Skills:
 + Level 7.0 Fighting
 + Level 6.3 Maces & Flails
 + Level 6.4 Armour
 + Level 4.8 Dodging


You had 8 spell levels left.
You didn't know any spells.
Your spell library was empty.

Dungeon Overview and Level Annotations

Branches:
Dungeon (6/15)
 Temple: D:4-7

Altars:
Cheibriados
Makhleb
The Shining One

Shops:
D:5 :


Innate Abilities, Weirdness & Mutations

You are immune to sickness and miasma.
Your stone body is resilient. (AC +6)
You are immune to poison.
You resist negative energy. (rN+)
You are resistant to electric shocks. (rElec)
You are resistant to unholy torment.
You are immune to petrification.


Message History

The gnoll bouda hits you but does no damage.
You hit the gnoll bouda but do no damage.
The gnoll bouda is heavily wounded.
The gnoll hits you but does no damage.
The gnoll bouda gazes fiercely through you!
You feel as though you will be weak longer.
The gnoll bouda misses you.
The gnoll hits you from afar with a +0 halberd.
* * * LOW HITPOINT WARNING * * *
The gnoll bouda barks out a call to the hunt!
The gnoll picks up the pace!
You hit the gnoll bouda.
The gnoll bouda is severely wounded.
The gnoll hits you from afar with a +0 halberd!
* * * LOW HITPOINT WARNING * * *
The gnoll bouda hits you with a +0 club.
* * * LOW HITPOINT WARNING * * *
The gnoll hits you but does no damage.
The gnoll bouda hits you but does no damage.
You puncture the gnoll bouda!
You kill the gnoll bouda!
Trog accepts your kill.
The gnoll is no longer moving quickly. x2
The gnoll hits you but does no damage. The gnoll barely misses you.
Your Fighting skill increases to level 7!
The gnoll is no longer moving quickly.
The gnoll closely misses you. The gnoll hits you but does no damage.
The gnoll hits you but does no damage. The gnoll barely misses you.
Your attacks no longer feel as feeble.
The gnoll hits you but does no damage. The gnoll barely misses you.
The gnoll is no longer moving quickly.
The gnoll barely misses you.
The wyvern bites you but does no damage.
The gnoll hits you but does no damage. The wyvern barely misses you.
The wyvern attacks as you move away!
The wyvern bites you but does no damage.
The wyvern bites you!
You die...

#.##.# #.................##..
#.#..# #........._...........
#...# #.................##..
#..#####.##............#.....
##..##....##.###.....#####....
##............###.....###......
###.............###.....###......
#...#.........g.#####.####.......
#...........g.gl@.##..# #.......
#.......#####.g##.....####.......
###.#.#..# #..#######...####..###
#.#.##.# #.## ###..###.####
#...##.###.# ##.........
#..###.....# ######.### #..#
#^...## #.# # #..# #....# #.###
#.## #....# #....


You could see a wyvern and 4 gnolls.

Vanquished Creatures
  A cyclops (D:6)
  A wyvern (D:5)
  An ice beast (D:6)
  2 black bears
  A necrophage (D:6)
  A scorpion (D:6)
  A bullfrog (D:6)
  A gnoll bouda (D:6)
  2 hounds
  3 jellies
  3 orc priests (D:6)
  3 iguanas (D:5)
  Ijyb (D:4)
  Terence (D:2)
  Natasha (thrice) (D:4)
  A mummy (D:6)
  Robin (D:2)
  A gnoll (D:6)
  5 adders
  A shadow imp (D:5)
  A white imp (D:5)
  A worm (D:2)
  4 dart slugs
  13 orcs
  7 endoplasms
  3 giant cockroaches
  19 goblins
  9 hobgoblins
  10 jackals
  3 kobolds
  A quokka (D:5)
  8 ball pythons
  4 bats
  9 frilled lizards
  4 rats
130 creatures vanquished.

Vanquished Creatures (others)
  A goblin (D:4)
1 creature vanquished.

Grand Total: 131 creatures vanquished

Notes
Turn   | Place    | Note
-------+----------+-------------------------------------------
     0 | D:1      | PhantomBowie the Gargoyle Berserker began the quest for the
                  | Orb.
     0 | D:1      | Reached XP level 1. HP: 14/14 MP: 1/1
   347 | D:1      | Reached XP level 2. HP: 19/19 MP: 2/2
   593 | D:1      | Found a faded altar of an unknown god.
   899 | D:1      | Reached XP level 3. HP: 21/23 MP: 3/3
  1154 | D:1      | Reached ** piety under Trog
  1523 | D:2      | Reached XP level 4. HP: 25/29 MP: 4/4
  1606 | D:2      | Noticed Terence
  1618 | D:2      | Killed Terence
  1619 | D:2      | Reached skill level 4 in Fighting
  1826 | D:2      | Noticed Robin
  1836 | D:2      | Killed Robin
  1908 | D:2      | Reached XP level 5. HP: 29/33 MP: 5/5
  2330 | D:3      | Identified the +3 ring mail "Siobah" {Harm rPois rF- Str+6}
  2390 | D:3      | Reached *** piety under Trog
  2594 | D:3      | Found a glowing golden altar of the Shining One.
  3140 | D:4      | Noticed Natasha
  3148 | D:4      | Killed Natasha
  3149 | D:4      | Noticed Natasha
  3161 | D:4      | Killed Natasha
  3357 | D:4      | Noticed Ijyb
  3383 | D:4      | Killed Ijyb
  3384 | D:4      | Reached XP level 6. HP: 38/39 MP: 6/6
  3543 | D:4      | Noticed Natasha
  3560 | D:4      | Killed Natasha
  3649 | D:4      | Noticed a black bear
  3658 | D:4      | Killed a black bear
  3736 | D:4      | Found a burning altar of Makhleb.
  3873 | D:5      | Entered Level 5 of the Dungeon
  3927 | D:5      | Noticed a black bear
  3937 | D:5      | Killed a black bear
  3938 | D:5      | Reached skill level 5 in Fighting
  3938 | D:5      | Reached XP level 7. HP: 41/44 MP: 7/7
  4554 | D:5      | Found Fibunug's Book Shop.
  5169 | D:5      | Noticed a wyvern
  5181 | D:5      | Killed a wyvern
  5182 | D:5      | Reached skill level 5 in Maces & Flails
  5182 | D:5      | Reached skill level 5 in Armour
  5823 | D:6      | Reached XP level 8. HP: 51/51 MP: 8/8
  5885 | D:6      | Reached skill level 6 in Fighting
  6028 | D:6      | Found a snail-covered altar of Cheibriados.
  6189 | D:6      | Noticed a cyclops
  6194 | D:6      | Reached **** piety under Trog
  6200 | D:6      | Noticed a wyvern
  6214 | D:6      | Killed a cyclops
  6215 | D:6      | Reached XP level 9. HP: 25/56 MP: 9/9
  6222 | D:6      | Reached skill level 7 in Fighting
  6235 | D:6      | Slain by a wyvern

Illustrated notes

Levels and vault maps discovered:
D:1:      wander_arrival_lonely_grave, layout_basic,
          nicolae_ecumenical_snake_handling
D:2:      layout_basic, uniq_robin, uniq_terence
D:3:      layout_loops_corners, overflow_temple_1_default, minmay_surrounded
D:4:      kennysheep_the_goblin_king, layout_rooms,
          mainiacjoe_overflow_small_starburst, minmay_misc_feat_nine_boxes,
          uniq_natasha
D:5:      layout_basic, serial_shops, kennysheep_mini,
          corexii_item_surrounded_by_moat, grunt_ministairs_14,
          nrook_mini_backslash, corexii_corridor_pit, kennysheep_boxes
D:6:      layout_rooms, slow_altar_1, temple_doors_ab

Skill      XL: |  1  2  3  4  5  6  7  8  9 |
---------------+----------------------------+-----
Dodging        | 2 3 4 |  4.8
Armour         | 3 4 5 6 |  6.4
Fighting       | 4 5 6 7 |  7.0
Maces & Flails | 4 5 6 |  6.3

Action                   |  1- 3 |  4- 6 |  7- 9 || total
-------------------------+-------+-------+-------++-------
Melee: Mace              |   142 |   214 |    61 ||   417
       Punch             |     1 |     4 |     3 ||     8
       Flail             |       |       |    90 ||    90
       Morningstar       |       |       |    52 ||    52
Invok: Berserk           |       |     2 |     2 ||     4
  Use: Scroll            |       |     5 |     3 ||     8
Armor: Animal skin       |    15 |       |       ||    15
       Leather armour    |     6 |       |       ||     6
       Ring mail         |    54 |     1 |       ||    55
       Scale mail        |       |   149 |    19 ||   168
       Plate armour      |       |       |   125 ||   125
Dodge: Dodged            |    96 |   125 |    68 ||   289
